 Dungeon Crawl Stone Soup version 0.30.0-29-ga12c61a403 (webtiles) character file.

Game seed: 16795218799329541955

1160 cdecastro the Spear-Bearer (level 8, -9/56 HPs)
             Began as a Merfolk Summoner on June 21, 2023.
             Was an Initiate of Ru.
             Mangled by an ogre
             ... wielding a +0 giant club
              (24 damage)
             ... on level 4 of the Dungeon.
             The game lasted 00:21:09 (5664 turns).

cdecastro the Spear-Bearer (Merfolk Summoner)       Turns: 5664, Time: 00:21:10

Health: -9/56      AC:  9    Str:  8    XL:     8   Next: 39%
Magic:  6/11       EV: 12    Int: 17    God:    Ru [......]
Gold:   188        SH:  0    Dex: 14    Spells: 5/11 levels left

rFire   . . .        f - +0 spear
rCold   . . .        (no shield)
rNeg    . . .        A - +0 leather armour
rPois   .            p - +0 helmet
rElec   .            (no cloak)
rCorr   .            C - +0 pair of gloves
SInv    .            (no boots)
Will    .....        q - amulet of magic regeneration
Stlth   ++           n - +4 ring of protection
HPRegen 0.29/turn    (no ring)
MPRegen 0.52/turn

%: no passive effects
@: no status effects
A: (nimble swimmer 2), mertail
a: Renounce Religion


You were on level 4 of the Dungeon.
You worshipped Ru.
Ru was noncommittal.
You visited 2 branches of the dungeon, and saw 6 of its levels.
You also visited: Sewer.

You collected 188 gold pieces.

Inventory:

Hand Weapons
 c - a +0 dagger
 f - a +0 spear (weapon)
Missiles
 B - a throwing net
Armour
 p - a +0 helmet (worn)
 A - a +0 leather armour (worn)
 C - a +0 pair of gloves (worn)
Jewellery
 n - a +4 ring of protection (left hand)
 q - an amulet of magic regeneration (around neck)
 u - a ring of flight
 F - a ring of positive energy
Wands
 o - a wand of roots (8)
Scrolls
 d - 4 scrolls of teleportation {unknown}
 e - a scroll of enchant armour {unknown}
 g - 2 scrolls of magic mapping {unknown}
 h - a scroll of identify {unknown}
 i - a scroll of torment {unknown}
 j - a scroll of amnesia {unknown}
 k - 2 scrolls of enchant weapon {unknown}
 l - a scroll of butterflies {unknown}
 m - 2 scrolls of fear {unknown}
 r - a scroll of immolation {unknown}
 y - 2 scrolls of silence {unknown}
Potions
 b - a potion of magic
 s - 2 potions of might {unknown}
 t - a potion of lignification {unknown}
 v - a potion of invisibility {unknown}
 w - a potion of mutation {unknown}
 x - 2 potions of brilliance {unknown}
 z - a potion of experience {unknown}
 D - a potion of flight {unknown}
 E - a potion of heal wounds {unknown}
 G - 2 potions of curing


   Skills:
 - Level 2.0 Fighting
 + Level 8.4 Polearms
 - Level 2.6 Dodging
 - Level 2.1 Stealth
 - Level 2.0 Spellcasting
 + Level 8.0 Summonings


You had 5 spell levels left.
You knew the following spells:

 Your Spells              Type           Power      Damage    Failure   Level
a - Summon Small Mammal   Summ           100%       N/A       1%          1
b - Call Imp              Summ           56%        N/A       1%          2
c - Call Canine Familiar  Summ           28%        N/A       3%          3

Your spell library contained the following spells:

 Spells                   Type           Power      Damage    Failure   Level
 Summon Guardian Golem    Hex/Summ       15%        N/A       16%         3
 Apportation              Tloc           2%         N/A       28%         1
 Necrotise                Necr           4%         1d4       28%         1
 Ensorcelled Hibernation  Hex/Ice        2%         N/A       38%         2
 Summon Lightning Spire   Summ/Air       15%        N/A       47%         4
 Portal Projectile        Hex/Tloc       2%         N/A       63%         3
 Spider Form              Tmut/Pois      1%         N/A       63%         3
 Tukima's Dance           Hex            1%         N/A       63%         3
 Anguish                  Hex/Necr       0%         N/A       95%         4
 Animate Dead             Necr           1%         N/A       95%         4
 Cause Fear               Hex            0%         N/A       95%         4
 Blade Hands              Tmut           0%         N/A       100%        5
 Enfeeble                 Hex            0%         N/A       100%        7
 Haunt                    Necr/Summ      7%         N/A       100%        7
 Infestation              Necr           0%         N/A       100%        8


Dungeon Overview and Level Annotations

Branches:
Dungeon (5/15)             Temple (1/1) D:4           Sewer (visited)

Altars:
Dithmenos
Fedhas
Gozag
Hepliaklqana
Kikubaaqudgha
Makhleb
Ru
Vehumet
Wu Jian
Yredelemnul
The Shining One

Annotations:
D:4 1 runed translucent door, Crazy Yiuf
D:5 1 transporter


Innate Abilities, Weirdness & Mutations

((You are very nimble when in or above water. (Stealth+, EV+, Speed+++)))
Your lower body shifts to a powerful aquatic tail in water.


Message History

Your hound disappears in a puff of smoke!
HP restored.
You climb downwards.
Level annotation: 1 transporter The orc shouts!
The ogre closely misses you.
Found 5 poisoned darts, 8 stones and a book of Burglary.
There is a stone staircase leading up here.
Unknown command.
You climb upwards.
Level annotation: 1 runed translucent door, Crazy Yiuf
There is a stone staircase leading down here.
Unknown command.
Casting: Call Canine Familiar (dangerous; 3% risk of failure)
Confirm with . or Enter, or press ? or * to list all spells.
The ogre hits you with a +0 giant club!!
Unknown command.
Casting: Call Canine Familiar (dangerous; 3% risk of failure)
Confirm with . or Enter, or press ? or * to list all spells.
A tiny devil pulls itself out of the air.
Your hound bites the ogre.
The ogre hits you but does no damage.
Unknown command.
Casting: Summon Small Mammal (safe; 1% risk of failure)
Press: ? - help, Q - select action, (/) - cycle Dir - look around, f - activate Your hound bites the ogre.
Your cerulean imp hits the ogre from afar with a -2 spear.
Your hound completely misses the ogre.
Unknown command.
Casting: Summon Small Mammal (safe; 1% risk of failure)
Press: ? - help, Q - select action, (/) - cycle Dir - look around, f - activate Your bat hits the ogre.
The ogre hits you with a +0 giant club!!
* * * LOW HITPOINT WARNING * * *
Your hound barely misses the ogre.
Your cerulean imp hits the ogre but does no damage.
You hit the ogre.
The ogre is heavily wounded.
Your hound bites the ogre.
The ogre hits you with a +0 giant club!!
You die...

............# #.##............
............# #.###...........
.....^......# ####.# ##.....##...
........>...# #....#####..####.##
.........)..###...........## #.#
......#......##...##.......# #.#
....###......##...#..###.#.###.#
##....#..##..>†5)...####.#...#.#
.............##r@hb...##..##.#.##
........###..##..O###..#........#
.........###..##### ##########..#
.......<...##.# #..#
............####♣♣♣♣♣ #..#
........#.....#...♣.♣♣♣ ### #..#
.........#.........♣..♣#...# #..#
...........(......♣♣♣♣[+...# #..#
........##....#..♣♣ ♣♣#..)# #..#


You could see an ogre (ally target), a friendly hound (summoned), a friendly
cerulean imp (summoned), a friendly quokka (summoned) and a friendly bat
(summoned).

Vanquished Creatures
  A black bear (D:4)
  2 kobold brigands (Sewer)
  A scorpion (D:5)
  8 adders
  6 river rats
  3 worms
  A dart slug (D:1)
  3 orcs
  10 ball pythons
  4 endoplasms
  4 giant cockroaches
  8 goblins
  6 hobgoblins
  A jackal (D:3)
  4 quokkas
  2 bats
  2 frilled lizards
  8 kobolds
  18 rats
92 creatures vanquished.

Vanquished Creatures (collateral kills)
  Eustachio (D:3)
  Duvessa (D:4)
  2 ogres
  A scorpion (D:4)
  Dowan (D:4)
  An iguana (D:4)
  Robin (D:3)
  A gnoll (D:4)
  2 adders
  A worm (D:2)
  A dart slug (D:3)
  5 ball pythons
  2 bats
  2 endoplasms
  2 giant cockroaches (D:1)
  9 goblins
  3 hobgoblins (D:3)
  2 jackals (D:3)
  4 frilled lizards
  9 kobolds
  8 rats
59 creatures vanquished.

Grand Total: 151 creatures vanquished

Notes
Turn   | Place    | Note
-------+----------+-------------------------------------------
     0 | D:1      | cdecastro the Merfolk Summoner began the quest for the Orb.
     0 | D:1      | Reached XP level 1. HP: 13/13 MP: 3/3
   135 | D:1      | Reached skill level 1 in Fighting
   135 | D:1      | Reached XP level 2. HP: 6/21 MP: 1/5
   529 | D:1      | Reached XP level 3. HP: 21/27 MP: 3/6
   700 | D:1      | Learned a level 2 spell: Call Imp
   704 | D:1      | Learned a level 3 spell: Call Canine Familiar
   887 | D:2      | Found a faded altar of an unknown god.
  1134 | D:2      | Reached skill level 1 in Polearms
  1686 | D:3      | Noticed Robin
  1881 | D:3      | Reached XP level 4. HP: 33/33 MP: 7/7
  1958 | D:3      | Found a glowing drain.
  1973 | Sewer    | Entered a sewer
  2156 | Sewer    | Reached skill level 5 in Summonings
  2264 | Sewer    | Reached XP level 5. HP: 38/38 MP: 8/8
  2273 | Sewer    | Noticed a kobold brigand
  2513 | Sewer    | Killed a kobold brigand
  2840 | Sewer    | Reached XP level 6. HP: 44/44 MP: 9/9
  3046 | Sewer    | Reached skill level 5 in Polearms
  3359 | D:3      | Killed Robin
  3443 | D:3      | Found a blossoming altar of Fedhas.
  3763 | D:3      | Reached XP level 7. HP: 29/50 MP: 10/10
  3912 | D:4      | Noticed Duvessa
  3916 | D:4      | Noticed Dowan
  3951 | D:4      | Killed Duvessa
  4209 | D:4      | Killed Dowan
  4309 | D:4      | Noticed Eustachio
  4397 | D:4      | Found an opulent altar of Gozag.
  4503 | D:3      | Killed Eustachio
  4504 | D:3      | Reached XP level 8. HP: 44/56 MP: 11/11
  4590 | D:4      | Found a staircase to the Ecumenical Temple.
  4617 | Temple   | Entered the Ecumenical Temple
  4847 | Temple   | Became a worshipper of Ru the Awakened
  4936 | D:4      | Found a runed translucent door.
  4937 | D:4      | Noticed Crazy Yiuf
  5241 | D:4      | Found a burning altar of Makhleb.
  5353 | D:5      | Entered Level 5 of the Dungeon
  5530 | D:5      | Found a transporter.
  5664 | D:4      | Mangled by an ogre

Illustrated notes

Levels and vault maps discovered:
D:1:      psy_arrival_conway, layout_rooms, minmay_cupped
D:2:      layout_basic, chequers_ecumenical_altar_simple
D:3:      layout_basic, fedhas_altar_3, gup_sewer_entry_bowl, uniq_robin
D:4:      layout_rooms, nicolae_gozag_seed_capital, marbit_many_paths,
          minmay_temple_entry_slanted, uniq_duvessa, uniq_eustachio,
          uniq_crazy_yiuf_cottage
D:5:      lemuel_ice_spiral_2, layout_rooms,
          nicolae_overflow_hallway_of_the_gods, gammafunk_ghost_stat_death,
          nicolae_wormholes
Temple:   nicolae_temple_colour_theory

Skill      XL: |  1  2  3  4  5  6  7  8 |
---------------+-------------------------+-----
Fighting       | 1 2 |  2.0
Polearms       | 1 3 4 5 7 8 |  8.4
Summonings     | 5 6 7 8 |  8.0
Dodging        | |  2.6
Stealth        | |  2.1
Spellcasting   | |  2.0

Action                     |  1- 3 |  4- 6 |  7- 9 || total
---------------------------+-------+-------+-------++-------
  Melee: Dagger            |    28 |       |       ||    28
         Unarmed           |     4 |       |       ||     4
         Spear             |    90 |   322 |   156 ||   568
         Punch             |     3 |     7 |     2 ||    12
         Tailslap          |       |    15 |       ||    15
   Cast: Summon Small Mamm |    15 |     6 |    18 ||    39
         Call Imp          |    10 |    14 |    12 ||    36
         Call Canine Famil |       |     7 |    18 ||    25
   Stab: Sleeping          |     5 |       |     1 ||     6
         Distracted        |     1 |     2 |     2 ||     5
 Armour: Robe              |    28 |    60 |       ||    88
         Leather armour    |       |    14 |    31 ||    45
  Dodge: Dodged            |    84 |   207 |    65 ||   356
